Match 41442895
Unlisted

Match 41442895
End
Kettenkrad Recon Vehicle
Construct Infanterie Kompanie
Selects Terror Battlegroup
Selects Machine Gun Camouflage
Grenadier Squad
MG 42 Machine Gun Team
Grenadier Squad
Construct Panzergrenadier Kompanie
Panzergrenadier Squad
251 Medium Carrier
Pioneer Squad
Medical Station
Pak 40 Anti-tank Gun Team
Support Elements
Nebelwerfer 42 Rocket Launcher Team
StuG III G Assault Gun
Pak 40 Anti-tank Gun Team
BigTiddyLebron
kreumat
Spytomb
MC
0
0

Comments sign in to comment!

No comments posted yet!